 Dungeon Crawl Stone Soup version 0.30-a0-311-gf115ab0292 (webtiles) character file.

Game seed: 14990775002085931474

3909 IdlyInterested the Poker (level 10, -3/80 HPs)
             Began as a Demonspawn Wanderer on Oct 25, 2022.
             Slain by a five-headed hydra (6 damage)
             ... on level 8 of the Dungeon.
             The game lasted 00:25:34 (7640 turns).

IdlyInterested the Poker (Demonspawn Wanderer)      Turns: 7640, Time: 00:25:35

Health: -3/80      AC: 39    Str: 17    XL:     10   Next: 1%
Magic:  11/11      EV:  6    Int: 12    God:
Gold:   482        SH:  0    Dex: 14    Spells: 11/11 levels left

rFire   . . .      SeeInvis .    y - +0 scythe (flame)
rCold   + . .      Faith    .    (shield currently unavailable)
rNeg    . . .      Spirit   .    l - +0 plate armour
rPois   .          Reflect  .    t - +2 helmet
rElec   .          Harm     .    F - +2 cloak
rCorr   .          Rampage  .    p - +2 pair of gloves
Will    .....                    (no boots)
Stlth   ..........               K - amulet of regeneration
HPRegen 1.13/turn                e - ring of protection from cold
MPRegen 0.24/turn                B - +4 ring of protection

@: sanguine armoured
A: magic regeneration, sanguine armour 3, weakness stinger 1, claws 1
a: no special abilities


You were on level 8 of the Dungeon.
You visited 2 branches of the dungeon, and saw 9 of its levels.

You collected 482 gold pieces.

Inventory:

Hand Weapons
 h - a +6 spear of venom
 j - a +3 dagger of venom
 o - a +0 spectral falchion
 y - a +0 scythe of flaming (weapon)
 C - a +0 trident
 M - a +4 short sword of venom
Missiles
 a - 3 javelins
 b - 3 atropa-tipped darts
 c - a datura-tipped dart
 u - 21 poisoned darts (quivered)
 G - 11 boomerangs
Armour
 l - a +0 plate armour (worn)
 p - a +2 pair of gloves (worn)
 t - a +2 helmet (worn)
 A - a +1 ring mail of cold resistance
 F - a +2 cloak (worn)
 N - the +1 robe "Zioprod" {rF+}
   (You found it on level 8 of the Dungeon)

   rF:        It protects you from fire.
Magical Staves
 D - a staff of earth
Jewellery
 e - a ring of protection from cold (left hand)
 B - a +4 ring of protection (right hand)
 E - an amulet of magic regeneration
 I - an amulet of faith
 J - a ring of magical power
 K - an amulet of regeneration (around neck)
Wands
 n - a wand of digging (5)
 v - a wand of iceblast (9)
 H - a wand of paralysis (1)
 O - a wand of polymorph (8)
Scrolls
 d - 2 scrolls of butterflies
 k - a scroll of magic mapping
 m - a scroll of amnesia
 q - 3 scrolls of identify
 w - a scroll of brand weapon
 x - a scroll of vulnerability
 L - a scroll of teleportation
Potions
 f - 3 potions of curing
 g - a potion of cancellation
 r - a potion of flight
 s - a potion of mutation
 z - a potion of brilliance


   Skills:
 * Level 7.8 Fighting
 + Level 7.9 Polearms
 - Level 2.0 Throwing
 - Level 7.0 Armour
 - Level 2.0 Dodging
 + Level 4.5 Stealth
 - Level 1.0 Spellcasting
 - Level 1.0 Transmutations
 - Level 2.0 Evocations


You had 11 spell levels left.
You didn't know any spells.
Your spell library contained the following spells:

 Spells                   Type           Power      Damage    Failure   Level
 Apportation              Tloc           0%         N/A       100%        1
 Necrotise                Necr           0%         1d4       100%        1
 Sting                    Tmut/Pois      4%         1d3       100%        1
 Summon Small Mammal      Summ           0%         N/A       100%        1
 Blink                    Tloc           0%         N/A       100%        2
 Momentum Strike          Conj/Tloc      0%         3d8       100%        2
 Poisonous Vapours        Pois/Air       0%         N/A       100%        2
 Sublimation of Blood     Necr           0%         N/A       100%        2
 Wereblood                Tmut           3%         N/A       100%        2
 Lesser Beckoning         Tloc           0%         N/A       100%        3
 Ozocubu's Armour         Ice            0%         N/A       100%        3
 Spider Form              Tmut/Pois      1%         N/A       100%        3
 Stone Arrow              Conj/Erth      0%         3d7       100%        3
 Summon Lightning Spire   Summ/Air       0%         N/A       100%        4
 Statue Form              Tmut/Erth      0%         N/A       100%        6
 Ozocubu's Refrigeration  Ice            0%         4d7       100%        7
 Storm Form               Tmut/Air       0%         N/A       100%        7
 Summon Hydra             Summ           0%         N/A       100%        7
 Maxwell's Capacitive Co  Air            0%         ∞         100%        8


Dungeon Overview and Level Annotations

Branches:
Dungeon (8/15)             Temple (1/1) D:6
   Lair: D:8-11

Altars:
Ashenzari
Cheibriados
Dithmenos
Fedhas
Gozag
Hepliaklqana
Kikubaaqudgha
Makhleb
Nemelex Xobeh
Okawaru
Qazlal
Ru
Sif Muna
Trog
Uskayaw
Vehumet
Wu Jian
Xom
Yredelemnul

Shops:
D:8 [


Innate Abilities, Weirdness & Mutations

You regenerate magic rapidly.
When seriously injured, your blood forms very thick armour. (AC +12)
You have a small tail.
You have sharp fingernails.


Message History

The seven-headed hydra attacks as you move away!
The seven-headed hydra barely misses you.
The seven-headed hydra bites you.
* * * LOW HITPOINT WARNING * * *
The seven-headed hydra bites you but does no damage. x2
The seven-headed hydra completely misses you.
The seven-headed hydra bites you but does no damage. x2
The boulder beetle leaps!
Your +6 spear of venom stops dripping with poison.
Your +0 scythe of flaming bursts into flame!
y - a +0 scythe of flaming (weapon)
You hack one of the seven-headed hydra's heads off!
The flame cauterises the wound!
You puncture the six-headed hydra! You burn the six-headed hydra.
You tail-slap the six-headed hydra.
The six-headed hydra is heavily wounded.
The six-headed hydra bites you.
* * * LOW HITPOINT WARNING * * *
The six-headed hydra bites you but does no damage. x2
The six-headed hydra bites you.
* * * LOW HITPOINT WARNING * * *
The six-headed hydra closely misses you.
The six-headed hydra barely misses you.
A naga comes into view.
You chop one of the six-headed hydra's heads off!
The flame cauterises the wound!
You puncture the five-headed hydra! You burn the five-headed hydra.
The five-headed hydra is severely wounded.
The five-headed hydra barely misses you.
The five-headed hydra bites you but does no damage.
The five-headed hydra bites you!
* * * LOW HITPOINT WARNING * * *
The five-headed hydra bites you but does no damage. x2
You hit the five-headed hydra but do no damage.
The five-headed hydra is severely wounded.
The five-headed hydra bites you but does no damage.
The five-headed hydra bites you.
* * * LOW HITPOINT WARNING * * *
The five-headed hydra bites you but does no damage. x7
The five-headed hydra bites you.
You die...

........# #.######...####..# #
........#####.# #...### #..# #
........+.....##...## # #..# #
........####.....# ### #.## #
.....######...#######.: #.# #
.....####...###)k.eEEB☼ #.# #
.....##...###.e######☼. #.#####
+###....###...ND### ### #.....#
..!...###......#@8### # #..##..
....###........#...8### #..####
.#.............#8....8### #..# #
....###........#..~....8###.## #
##...####......#8..8~.....#.# #
#..#..####....#..~....8###.# #
#..##.#.####..#8÷...8###...# #
##..#..#...####....8###...### #
.#..#.##.#...###.8###.....#######


You could see a five-headed hydra, a deep elf pyromancer and a naga.

Vanquished Creatures
  A deep elf pyromancer (D:8)
  Grinder (D:4)
  Sigmund (D:3)
  2 wyverns
  Duvessa (D:6)
  2 water moccasins
  4 black bears
  4 orc warriors
  A sky beast (D:7)
  An ogre (D:6)
  2 ice beasts
  2 centaurs
  A phantom (D:5)
  6 bullfrogs
  2 scorpions
  Dowan (D:6)
  A howler monkey (D:7)
  4 jellies
  4 hounds
  An orc priest (D:7)
  Jessica (D:3)
  3 iguanas
  3 orc wizards
  10 adders
  2 shadow imps (D:6)
  3 white imps (D:6)
  5 ufetubi
  2 worms
  A dart slug (D:5)
  18 orcs
  3 ball pythons
  5 bats
  8 endoplasms
  2 giant cockroaches (D:2)
  9 goblins
  7 hobgoblins
  3 quokkas
  4 frilled lizards
  6 kobolds
  5 rats
142 creatures vanquished.

Vanquished Creatures (collateral kills)
  2 adders
  A goblin (D:3)
  2 hobgoblins (D:3)
5 creatures vanquished.

Vanquished Creatures (others)
  A basilisk (D:8)
  Robin (D:3)
2 creatures vanquished.

Grand Total: 149 creatures vanquished

Notes
Turn   | Place    | Note
-------+----------+-------------------------------------------
     0 | D:1      | IdlyInterested the Demonspawn Wanderer began the quest for
                  | the Orb.
     0 | D:1      | IdlyInterested set off with the following items: a +1
                  | dagger, an atropa-tipped dart, a datura-tipped dart, a
                  | scroll of butterflies, a +0 robe; and the following spell
                  | memorised: Sting; and the following spells available to
                  | memorise: Spider Form.
     0 | D:1      | Reached XP level 1. HP: 16/16 MP: 2/2
   114 | D:1      | Reached skill level 1 in Evocations
   233 | D:1      | Gained mutation: When seriously injured, your blood forms
                  | armour. (AC +12) [demonic ancestry]
   233 | D:1      | Reached XP level 2. HP: 22/22 MP: 3/3
  1539 | D:2      | Reached skill level 1 in Armour
  1539 | D:2      | Gained mutation: When seriously injured, your blood forms
                  | thick armour. (AC +12) [demonic ancestry]
  1539 | D:2      | Reached XP level 3. HP: 19/28 MP: 4/4
  1669 | D:2      | Found a shimmering altar of Xom.
  1915 | D:3      | Noticed Robin
  1987 | D:3      | Gained mutation: When seriously injured, your blood forms
                  | very thick armour. (AC +12) [demonic ancestry]
  1987 | D:3      | Reached XP level 4. HP: 33/34 MP: 5/5
  1988 | D:3      | Killed Robin
  2358 | D:3      | Noticed Sigmund
  2368 | D:3      | Killed Sigmund
  2369 | D:3      | Reached XP level 5. HP: 41/43 MP: 6/6
  2551 | D:3      | Noticed Jessica
  2559 | D:3      | Killed Jessica
  2560 | D:3      | Reached XP level 6. HP: 43/50 MP: 7/7
  2773 | D:4      | Reached skill level 5 in Fighting
  2773 | D:4      | Reached skill level 1 in Throwing
  2887 | D:4      | Found an iron altar of Okawaru.
  3225 | D:4      | Noticed Grinder
  3235 | D:4      | Paralysed by Grinder for 4 turns
  3243 | D:4      | Killed Grinder
  3244 | D:4      | Reached skill level 1 in Polearms
  3244 | D:4      | Gained mutation: You have a small tail. [demonic ancestry]
  3244 | D:4      | Reached XP level 7. HP: 49/58 MP: 8/8
  4110 | D:4      | Gained mutation: You occasionally lose the ability to drink
                  | potions when taking damage. [potion of mutation]
  4112 | D:5      | Entered Level 5 of the Dungeon
  4412 | D:5      | Reached XP level 8. HP: 65/65 MP: 9/9
  4427 | D:5      | Got Vuilirem's Omnibus of Petrified Envenoming
  4747 | D:5      | Found a stormy altar of Qazlal.
  4819 | D:5      | Lost mutation: You occasionally lose the ability to drink
                  | potions when taking damage. [potion of mutation]
  4819 | D:5      | Gained mutation: You have sharp fingernails. [potion of
                  | mutation]
  5019 | D:6      | Noticed Duvessa
  5019 | D:6      | Noticed Dowan
  5048 | D:6      | Killed Duvessa
  5049 | D:6      | Reached skill level 5 in Armour
  5082 | D:6      | Killed Dowan
  5095 | D:6      | Reached skill level 5 in Polearms
  5212 | D:6      | Found a staircase to the Ecumenical Temple.
  5237 | D:6      | Gained mutation: You regenerate magic rapidly. [demonic
                  | ancestry]
  5237 | D:6      | Reached XP level 9. HP: 72/72 MP: 10/10
  5249 | Temple   | Entered the Ecumenical Temple
  7097 | D:8      | Identified the +1 robe "Zioprod" {rF+}
  7226 | D:8      | Found Camaivop's Armour Boutique.
  7571 | D:8      | Noticed a deep elf pyromancer
  7572 | D:8      | Noticed a deep elf pyromancer
  7573 | D:8      | Noticed a boulder beetle
  7573 | D:8      | Noticed a seven-headed hydra
  7577 | D:8      | Noticed a boulder beetle
  7615 | D:8      | Noticed a rime drake
  7630 | D:8      | Killed a deep elf pyromancer
  7631 | D:8      | Reached XP level 10. HP: 26/80 MP: 11/11
  7639 | D:8      | HP: 3/80 [five-headed hydra (9)]
  7640 | D:8      | Slain by a five-headed hydra

Illustrated notes

Levels and vault maps discovered:
D:1:      amcnicky_arrival_flooded_fountain, layout_loops_corners,
          minmay_tromino_i2
D:2:      layout_rooms, basic_altar, minmay_tiny_reverse_x
D:3:      layout_loops_cross, uniq_sigmund, uniq_robin, uniq_jessica
D:4:      layout_layer_cave, hellmonk_okawaru_the_only_friend_you_need,
          uniq_grinder
D:5:      layout_cave_pools, nicolae_qazlal_eye_of_the_storm, moated_statue,
          grunt_decor_arrowhead, kennysheep_generic_room_15
D:6:      layout_rooms, minmay_temple_entry_stoned_glass, minmay_ruined_shrine,
          uniq_duvessa
D:7:      layout_loops_ring
D:8:      minmay_the_grid_triangle_9x9_rhombus_thin
          [minmay_the_grid_triangle_9x9_shrine,
          minmay_the_grid_triangle_9x9_prize_insulated,
          minmay_the_grid_triangle_9x9_corrupted_corridor,
          minmay_the_grid_triangle_9x9_empty], layout_basic, serial_shops,
          kennysheep_mini, grunt_decor_mini_mirrors
Temple:   nicolae_temple_slightly_damp_pantheon

Skill      XL: |  1  2  3  4  5  6  7  8  9 |
---------------+----------------------------+-----
Evocations     | 1 2 |  2.0
Armour         | 1 2 3 5 7 |  7.0
Fighting       | 4 6 7 |  7.8
Dodging        | 2 |  2.0
Throwing       | 2 |  2.0
Polearms       | 1 2 5 7 |  7.9
Stealth        | |  4.5
Spellcasting   | |  1.0
Transmutations | |  1.0

Action                   |  1- 3 |  4- 6 |  7- 9 | 10-12 || total
-------------------------+-------+-------+-------+-------++-------
Melee: Dagger            |    72 |    19 |       |       ||    91
       Punch             |     2 |     1 |     4 |       ||     7
       Spear             |       |    71 |   356 |     4 ||   431
       Tailslap          |       |       |    57 |     4 ||    61
       Halberd           |       |       |       |     3 ||     3
Throw: Dart              |     4 |       |       |       ||     4
       Javelin           |     2 |     1 |       |       ||     3
  Use: Scroll            |     4 |     8 |     7 |       ||    19
       Potion            |       |     2 |     7 |       ||     9
 Stab: Sleeping          |    14 |     4 |     3 |       ||    21
Armor: Leather armour    |     7 |       |       |       ||     7
       Robe              |     1 |       |       |       ||     1
       Chain mail        |    15 |    18 |       |       ||    33
       Ring mail         |       |    17 |   156 |       ||   173
       Plate armour      |       |       |   102 |    34 ||   136
Dodge: Dodged            |    25 |    30 |   142 |     8 ||   205

Table legend: (Time is in decaauts)
 A = Elapsed time spent in this place.
 B = Non-inter-level travel time spent in this place.
 C = Inter-level travel time spent in this place.
 D = Time resting spent in this place.
 E = Time spent auto-exploring this place.
 F = Levels seen in this place.
 G = Mean time per level.
                   A        B        C        D        E       F      G
               +--------+--------+--------+--------+--------+-----+--------+
         Total |   7562 |   6624 |    938 |    443 |   4362 |   9 |  840.2 |
       Dungeon |   7374 |   6436 |    938 |    443 |   4215 |   8 |  921.8 |
        Temple |    187 |    187 |      0 |      0 |    147 |   1 |  187.0 |
               +--------+--------+--------+--------+--------+-----+--------+

Top non-repeatable levels by time:
     D:4: 1412 daAuts
     D:1: 1411 daAuts
     D:7: 972 daAuts
     D:3: 866 daAuts
     D:6: 824 daAuts
     D:8: 715 daAuts
     D:5: 628 daAuts
     D:2: 542 daAuts
  Temple: 187 daAuts
